 Dungeon Crawl Stone Soup version 0.20-a0-809-gaf7f668 (webtiles) character file.

165 Alarkh the Skirmisher (level 5, -1/41 HPs)
             Began as a Demonspawn Abyssal Knight on Mar 2, 2017.
             Was a Believer of Lugonu.
             Killed by nerve-wracking pain
             ... invoked by an orc priest
              (13 damage)
             ... on level 2 of the Dungeon.
             The game lasted 00:03:31 (3411 turns).

Alarkh the Skirmisher (Demonspawn Abyssal Knight)   Turns: 3411, Time: 00:03:31

Health: -1/41      AC:  6    Str: 12    XL:     5   Next: 21%
Magic:  7/7        EV: 12    Int: 15    God:    Lugonu [**....]
Gold:   114        SH:  0    Dex: 12    Spells: 4/4 levels left

rFire    . . .     SeeInvis .   a - +1 falchion
rCold    . . .     Gourm    .   b - +0 leather armour
rNeg     . . .     Faith    .   (no shield)
rPois    .         Spirit   .   (helmet restricted)
rElec    .         Reflect  .   (no cloak)
rCorr    .         Harm     .   (no gloves)
MR       .....                  (no boots)
Stlth    +.........             (no amulet)
Regen    0.2/turn               (no ring)
MPRegen  0.1/turn               (no ring)

@: no status effects
A: horns 1, icy blue scales 2
a: Depart the Abyss, Bend Space, Renounce Religion


You were on level 2 of the Dungeon.
You worshipped Lugonu.
Lugonu was pleased with you.
You were not hungry.

You visited 1 branch of the dungeon, and saw 3 of its levels.
You visited the Abyss 1 time.

You collected 114 gold pieces.

Inventory:

Hand Weapons
 a - a +1 falchion (weapon)
Armour
 b - a +0 leather armour (worn)
Scrolls
 e - a scroll of identify
 f - a scroll of enchant weapon {unknown}
 j - a scroll of magic mapping {unknown}
 l - a scroll of teleportation {unknown}
 n - a scroll of fog {unknown}
 o - a scroll of enchant armour {unknown}
Potions
 i - 3 potions of curing
Comestibles
 c - 2 bread rations
 d - 8 chunks of flesh
 g - 2 meat rations


   Skills:
 + Level 3.6 Fighting
 * Level 3.2 Long Blades
 + Level 2.4 Armour
 + Level 2.1 Dodging
 + Level 3.4 Invocations


You had 4 spell levels left.
You didn't know any spells.

Dungeon Overview and Level Annotations

Branches:
Dungeon (3/15)

Altars:
Yredelemnul


Innate Abilities, Weirdness & Mutations

You have a pair of small horns on your head.
You are mostly covered in icy blue scales. (AC +3)


Message History

The orc priest misses you.
You riposte.
You hit the orc priest.
You headbutt the orc priest, but do no damage.
The orc priest is heavily wounded.
You hit the orc priest but do no damage.
The orc priest is heavily wounded.
The orc priest barely misses you.
You hit the orc priest but do no damage.
The orc priest is heavily wounded.
The orc priest calls down the wrath of Beogh upon you.
Pain shoots through your body!
* * * LOW HITPOINT WARNING * * *
You barely miss the orc priest.
You headbutt the orc priest, but do no damage.
The orc priest is heavily wounded.
The orc priest misses you.
You barely miss the orc priest.
The orc priest is heavily wounded.
The orc priest invokes the aid of Beogh against you.
Pain shoots through your body!
You die...

#.#.#.##.###...###.#.....#
.###..##.# ##.## #...###.#
## ##.##.# #.# ##### #.#
.###..##.# #.# #.###
..#<..##.# ##'## #...#
#.....(..###...## ###.#
##.#.....##.....## ####.#
#.......#......o## ##.##.#
##..............@.####...#.#
................[.+........#
##................####...#.#
##.##.###(>.....## ##.##.#
#.....# ##.....## ####.#
##.##### ##...## ###.#
......#######+##### #...#
##.##.##..........# #.###
##.##.##.##.#.##..# #.#


You could see an orc priest.

Vanquished Creatures
  An orc priest (D:3)
  2 adders
  3 gnolls (D:2)
  An ooze (D:1)
  3 dart slugs
  2 leopard geckos (D:1)
  3 orcs
  5 giant cockroaches
  6 goblins
  9 hobgoblins
  5 jackals (D:1)
  A quokka (D:3)
  2 ball pythons
  10 bats
  8 frilled lizards
  6 kobolds
  5 rats
72 creatures vanquished.

Notes
Turn   | Place    | Note
-------+----------+-------------------------------------------
     0 | Abyss:1  | Alarkh the Demonspawn Abyssal Knight began the quest for the Orb.
     0 | Abyss:1  | Reached XP level 1. HP: 18/18 MP: 2/2
    30 | Abyss:1  | Noticed a small abomination
    42 | Abyss:1  | Noticed a hungry ghost
    66 | Abyss:1  | Noticed a tentacled starspawn
    83 | Abyss:1  | Noticed a fire bat
    83 | Abyss:1  | Noticed a shock serpent zombie
    85 | Abyss:1  | Noticed a small abomination
    92 | D:1      | Escaped the Abyss
   319 | D:1      | Reached skill level 1 in Dodging
   415 | D:1      | Reached * piety under Lugonu
   624 | D:1      | Gained mutation: You have a pair of small horns on your head. [demonic ancestry]
   624 | D:1      | Reached XP level 2. HP: 23/24 MP: 3/3
  1001 | D:1      | Gained mutation: You are partially covered in icy blue scales. (AC +2) [demonic ancestry]
  1001 | D:1      | Reached XP level 3. HP: 29/29 MP: 5/5
  2043 | D:2      | You fall through a shaft!
  2046 | D:3      | Reached ** piety under Lugonu
  2375 | D:2      | Reached XP level 4. HP: 13/35 MP: 6/6
  2849 | D:2      | Found a basalt altar of Yredelemnul.
  3361 | D:3      | Gained mutation: You are mostly covered in icy blue scales. (AC +3) [demonic ancestry]
  3361 | D:3      | Reached XP level 5. HP: 41/41 MP: 7/7
  3411 | D:2      | Killed from afar by an orc priest

Vault maps used:
D:1:      nicolae_arrival_somewhat_less_tricky_arrival, minmay_cut_off
D:2:      lemuel_round_altar
D:3:      marbit_many_paths, st_stairs_8

Skill      XL: |  1  2  3  4 |
---------------+-------------+-----
Dodging        | 1 2 |  2.1
Long Blades    | 2 3 |  3.2
Invocations    | 3 |  3.4
Armour         | 2 |  2.4
Fighting       | |  3.6

Action                   |  1- 3 |  4- 6 || total
-------------------------+-------+-------++-------
Melee: Falchion          |   119 |    81 ||   200
       Headbutt          |    18 |    12 ||    30
Invok: Depart the Abyss  |     1 |       ||     1
       Bend Space        |       |     1 ||     1
  Use: Scroll            |     2 |       ||     2
       Potion            |     3 |     1 ||     4
  Eat: Chunk             |     5 |     3 ||     8
Armor: Leather armour    |    49 |    30 ||    79
Dodge: Dodged            |    73 |    60 ||   133
       Rpst.: Falchion   |    28 |    17 ||    45
